Map: Emerald City LE

Players

Massa - Winner!

  • Race: Terran Terran
  • League: Platinum
  • Spawn Location: 11:00

qqq - Winner!

  • Race: Zerg Zerg
  • League: Platinum
  • Spawn Location: 11:00

Pleitejäger

  • Race: Protoss Protoss
  • Spawn Location: 5:00

Skeletor

  • Race: Terran Terran
  • League: Master
  • Spawn Location: 5:00

VOD

Have the link to the VOD?

Description

Time

  • Played on: Sept. 26, 2020, 9:31 a.m.
  • Length: 16:44
Show
View Real Time Build Order
Export as new Build Order

Massa Terran - Winner!

Build Orders: Reaper Expand 

Get SALT Encoding   

  12  0:00  SCV  
  13  0:12  SCV  
  14  0:24  SCV, Supply Depot  
  15  0:37  Refinery  
  15  0:45  SCV  
  15  0:48  Barracks  
  16  0:57  SCV  
  17  1:09  SCV  
  18  1:21  SCV  
  19  1:34  Orbital Command  
  19  1:36  Reaper  
  20  1:44  Command Center  
  20  2:04  Supply Depot  
  20  2:05  Factory  
  20  2:08  SCV  
  21  2:14  Marine  
  22  2:20  SCV  
  23  2:36  Barracks Reactor  
  23  2:40  Supply Depot  
  23  2:48  SCV  
  24  3:00  SCV  
  24  3:02  Orbital Command  
  24  3:04  Starport  
  25  3:12  SCV  
  26  3:18  Supply Depot  
  26  3:24  SCV  
  26  3:25  Barracks Tech Lab  
  26  3:26  Hellion  
  26  3:27  Hellion  
  31  3:30  SCV  
  32  3:36  SCV  
  33  3:42  SCV  
  33  3:47  Command Center  
  33  3:48  Hellion x2  
  38  3:53  Engineering Bay  
  38  3:54  Marine  
  39  4:01  SCV  
  39  4:02  SCV  
  41  4:08  Medivac  
  41  4:09  Hellion  
  45  4:10  Hellion  
  45  4:12  Marine  
  48  4:18  SCV x2  
  48  4:21  Refinery  
  50  4:27  Refinery  
  50  4:30  SCV x2  
  50  4:31  Widow Mine  
  54  4:36  Stimpack  
  54  4:42  SCV x2  
  56  4:56  Widow Mine x2  
  56  4:57  Marauder  
  62  5:07  SCV  
  62  5:08  SCV  
  64  5:16  Barracks  
  64  5:17  Widow Mine  
  64  5:18  Marauder  
  64  5:19  SCV  
  64  5:20  SCV  
  70  5:24  Barracks  
  70  5:25  Factory  
  70  5:31  SCV  
  70  5:32  SCV  
  66  5:43  SCV  
  65  5:57  Widow Mine x2  
  65  5:58  Marauder  
  65  6:01  SCV  
  65  6:02  SCV  
  65  6:04  Orbital Command  
  73  6:14  SCV x2, Engineering Bay  
  73  6:15  Combat Shield  
  75  6:19  Widow Mine  
  75  6:20  Factory Tech Lab  
  77  6:34  Supply Depot x2  
  77  6:40  Missile Turret  
  77  6:42  Missile Turret  
  77  6:44  Missile Turret  
  77  6:46  Missile Turret  
  77  6:49  Missile Turret  
  77  6:56  Widow Mine, SCV x3, Marauder  
  77  6:58  Supply Depot  
  77  6:59  Supply Depot  
  77  7:00  Barracks Reactor x2, Missile Turret  
  84  7:05  Missile Turret  
  84  7:06  Missile Turret  
  84  7:08  SCV x3  
  87  7:09  Missile Turret  
  87  7:17  Marauder  
  87  7:18  Barracks Reactor  
  87  7:20  SCV  
  90  7:24  Missile Turret  
  90  7:27  Barracks, Missile Turret  
  90  7:28  Missile Turret  
  90  7:30  Barracks  
  90  7:32  Siege Tank  
  90  7:35  Barracks, Medivac  
  99  7:37  Widow Mine x2  
  99  7:39  Marauder  
  101  7:48  Refinery  
  101  7:49  Terran Infantry Armor Level 1  
  101  7:56  Refinery  
  101  8:00  Marauder  
  101  8:01  Command Center  
  101  8:04  Siege Tank  
  108  8:06  Command Center, Infernal Pre-Igniter  
  108  8:16  Marine  
  109  8:21  Marine x2  
  109  8:23  Starport Reactor  
  109  8:26  Barracks Reactor x3  
  109  8:36  Supply Depot  
  109  8:37  Supply Depot  
  109  8:38  Supply Depot x3  
  109  8:39  Supply Depot x2  
  109  8:53  Terran Infantry Weapons Level 1  
  109  8:55  Supply Depot  
  109  8:57  Marine x4  
  109  8:58  Marauder  
  109  8:59  Armory  
  115  9:03  Armory  
  115  9:07  Supply Depot  
  115  9:08  Marine, Supply Depot  
  115  9:09  Marine x5, Supply Depot x2  
  121  9:11  Supply Depot  
  121  9:15  Marine x2  
  123  9:17  SCV  
  123  9:18  SCV x2  
  123  9:19  Marine  
  127  9:26  Marine  
  127  9:27  Refinery, Marine x3  
  127  9:29  SCV  
  127  9:30  SCV x2, Orbital Command  
  134  9:42  SCV x2, Factory  
  134  9:43  Factory  
  136  9:47  Missile Turret  
  136  9:53  SCV  
  136  9:54  SCV x2  
  136  9:55  Orbital Command  
  139  10:05  Thor  
  139  10:06  Missile Turret  
  145  10:15  Smart Servos  
  145  10:18  Terran Vehicle And Ship Armor Level 1  
  145  10:20  Terran Infantry Armor Level 2, Terran Vehicle Weapons Level 1  
  145  10:24  SCV x3  
  145  10:25  SCV x2, Missile Turret  
  150  10:36  SCV x2  
  152  10:45  SCV x2, Missile Turret  
  152  10:48  SCV x2, Thor  
  162  10:57  SCV, Command Center  
  162  10:58  SCV  
  162  10:59  Factory Tech Lab x2  
  162  11:00  SCV  
  162  11:01  SCV, Marine x4, Orbital Command  
  162  11:02  Marine x7  
  177  11:05  Concussive Shells  
  177  11:07  Missile Turret  
  177  11:16  Missile Turret  
  177  11:17  SCV x4  
  181  11:19  Marine x4  
  181  11:22  Refinery  
  181  11:25  Refinery  
  185  11:28  SCV  
  185  11:29  SCV x4, Missile Turret  
  190  11:34  Terran Infantry Weapons Level 2  
  190  11:35  Missile Turret  
  190  11:38  Viking x2  
  194  11:43  Widow Mine x2  
  198  11:50  Missile Turret  
  196  11:55  Missile Turret  
  196  12:04  Widow Mine x2  
  200  12:12  Terran Ship Weapons Level 1  
  200  12:13  Command Center  
  200  12:17  Missile Turret  
  200  12:22  Terran Vehicle And Ship Armor Level 2  
  200  12:24  Orbital Command  
  200  12:36  Missile Turret  
  200  12:44  Ghost Academy  
  200  12:48  Ghost Academy x2  
  200  12:56  Missile Turret  
  200  13:01  Drilling Claws  
  200  13:03  Mag-Field Accelerator  
  200  13:09  Missile Turret  
  200  13:15  Missile Turret  
  200  13:30  Missile Turret  
  200  13:34  Missile Turret  
  187  13:44  Enhanced Shockwaves, Personal Cloaking  
  187  13:48  Marine x3  
  163  13:49  Marine x6, Thor  
  163  13:50  Missile Turret, Thor x2  
  163  13:55  Refinery, Missile Turret  
  164  13:58  Refinery, Orbital Command  
  156  14:06  Terran Vehicle Weapons Level 2  
  156  14:09  Missile Turret  
  153  14:14  Missile Turret  
  153  14:18  Marine  
  153  14:19  Marine x10  
  164  14:29  Missile Turret  
  162  14:32  Thor x3  
  162  14:36  Marine, Viking  
  162  14:37  Marine x10, Viking  
  195  14:41  Refinery  
  195  14:42  Refinery  
  195  14:49  Missile Turret  
  190  14:54  Marine  
  190  14:55  Marine x10  
  184  15:03  Nuke  
  184  15:06  Viking  
  184  15:07  Viking  
  169  15:09  Missile Turret  
  169  15:10  Nuke  
  169  15:12  Marine x7  
  169  15:13  Marine x4  
  176  15:15  Thor x3  
  192  15:22  Widow Mine x2  
  196  15:30  Marine x4, Missile Turret  
  200  15:49  Missile Turret  
Show
View Real Time Build Order
Export as new Build Order

qqq Zerg - Winner!

Build Orders: Hatch First, Swarm Host 

Get SALT Encoding   

  12  0:00  Drone  
  13  0:09  Drone  
  14  0:36  Hatchery  
  14  0:41  Drone  
  14  0:57  Spawning Pool  
  13  1:10  Drone  
  14  1:12  Overlord  
  14  1:16  Extractor  
  14  1:17  Drone  
  14  1:42  Drone x2  
  16  2:02  Drone x2  
  16  2:04  Drone x2  
  20  2:12  Drone  
  20  2:15  Drone  
  22  2:17  Queen  
  22  2:19  Queen  
  26  2:29  Drone  
  27  2:31  Zergling x2  
  27  2:34  Overlord  
  28  2:43  Overlord  
  28  2:57  Zergling x2  
  28  2:58  Drone x3  
  32  3:09  Metabolic Boost  
  31  3:14  Drone  
  31  3:18  Zergling x2  
  31  3:19  Zergling x2  
  34  3:20  Drone  
  35  3:32  Hatchery, Drone  
  35  3:34  Zergling x4  
  35  3:40  Roach Warren  
  36  3:41  Drone  
  36  3:42  Zergling x2  
  36  3:47  Drone x2  
  40  3:48  Drone  
  40  3:54  Overlord  
  41  4:00  Lair  
  41  4:12  Drone x3  
  41  4:14  Drone  
  41  4:15  Drone x2  
  47  4:18  Extractor  
  46  4:26  Drone  
  46  4:27  Drone  
  48  4:35  Drone  
  48  4:36  Zergling x2  
  50  4:50  Drone  
  50  4:51  Drone  
  50  4:52  Roach x3  
  58  4:57  Glial Reconstitution  
  58  5:01  Hatchery  
  58  5:05  Drone  
  58  5:07  Overlord, Infestation Pit  
  57  5:08  Overlord x3  
  57  5:17  Drone  
  58  5:26  Roach x3  
  64  5:30  Roach  
  64  5:31  Drone x2  
  64  5:32  Drone x2  
  70  5:45  Drone  
  70  5:46  Roach  
  73  5:50  Drone  
  73  5:51  Drone x2  
  73  5:52  Roach  
  78  6:02  Drone x2  
  77  6:06  Roach x3  
  77  6:09  Swarm Host  
  86  6:15  Drone x3  
  86  6:17  Extractor x2  
  87  6:35  Drone x4, Swarm Host  
  87  6:37  Overlord  
  87  6:38  Overlord x6  
  94  6:49  Drone x2  
  94  6:51  Extractor x2  
  94  6:52  Hive  
  94  6:56  Evolution Chamber  
  94  6:57  Evolution Chamber  
  92  7:01  Nydus Network  
  92  7:02  Swarm Host  
  92  7:04  Drone x3  
  92  7:05  Zergling x8  
  92  7:06  Zergling x6  
  92  7:07  Drone  
  105  7:09  Spore Crawler  
  105  7:13  Spine Crawler x2  
  102  7:17  Spore Crawler  
  102  7:20  Drone x2, Swarm Host x2  
  109  7:39  Drone x2  
  109  7:40  Drone x2  
  109  7:41  Roach x2, Swarm Host x2  
  123  7:48  Hatchery  
  123  7:49  Nydus Canal  
  123  7:51  Swarm Host x2  
  122  7:52  Swarm Host  
  122  7:54  Drone  
  132  8:01  Zerg Missile Weapons Level 1  
  132  8:04  Zerg Melee Weapons Level 1  
  132  8:12  Hydralisk Den  
  131  8:13  Drone x4  
  135  8:21  Spore Crawler  
  135  8:22  Spore Crawler  
  135  8:23  Spore Crawler  
  135  8:24  Spore Crawler  
  135  8:26  Spore Crawler x2  
  129  8:28  Spore Crawler  
  129  8:29  Spore Crawler  
  129  8:30  Spore Crawler  
  129  8:32  Spore Crawler  
  125  8:34  Spore Crawler  
  125  8:37  Spore Crawler  
  123  8:47  Nydus Canal  
  123  8:48  Drone x5  
  126  8:49  Drone  
  126  8:50  Hydralisk  
  126  8:53  Hydralisk  
  133  8:56  Hydralisk  
  133  8:59  Ravager x3  
  138  9:07  Drone x2  
  140  9:22  Hydralisk x4  
  140  9:23  Hydralisk  
  150  9:25  Overlord x3  
  150  9:41  Spire  
  149  9:48  Pneumatized Carapace, Hydralisk  
  149  9:49  Hydralisk x5  
  149  9:52  Viper  
  161  9:58  Nydus Canal  
  161  9:59  Drone x3  
  167  10:04  Drone x4  
  167  10:05  Drone  
  172  10:38  Hydralisk  
  172  10:40  Overlord x5  
  174  10:46  Spore Crawler x2  
  174  10:49  Spore Crawler  
  171  11:03  Drone x3  
  171  11:04  Drone x6  
  177  11:08  Spore Crawler  
  177  11:09  Spore Crawler  
  177  11:10  Spore Crawler  
  177  11:11  Hatchery  
  177  11:16  Hatchery, Spore Crawler  
  177  11:17  Drone x3, Spore Crawler  
  176  11:20  Nydus Canal  
  176  11:23  Hydralisk  
  176  11:24  Corruptor x3  
  184  11:26  Corruptor  
  184  11:28  Zergling x2  
  184  11:29  Drone  
  184  11:31  Drone  
  189  11:34  Zerg Missile Weapons Level 2  
  189  11:38  Zerg Ground Armor Level 1  
  189  11:45  Ultralisk Cavern  
  188  12:16  Hydralisk  
  188  12:17  Viper x2  
  188  12:18  Viper  
  188  12:20  Drone  
  200  12:47  Drone, Spine Crawler  
  200  12:49  Drone, Spine Crawler  
  200  12:50  Drone, Spine Crawler  
  200  12:55  Spine Crawler x3  
  197  12:59  Drone  
  197  13:02  Zergling x4  
  152  13:49  Hydralisk x9  
  152  13:51  Hydralisk x4  
  152  14:08  Hydralisk x3  
  152  14:09  Hydralisk x4  
  152  14:16  Viper x3  
  165  14:18  Drone x2  
  165  14:19  Drone x3  
  149  14:41  Viper x2  
  149  14:42  Ultralisk x2  
  149  14:43  Ultralisk x2  
  149  14:44  Hydralisk x4  
  149  14:45  Hydralisk  
  157  15:24  Drone x3  
  157  15:26  Spore Crawler  
  157  15:27  Spore Crawler  
  158  15:29  Spine Crawler  
  158  15:31  Zergling x6  
  158  15:32  Hatchery, Hydralisk x4, Ultralisk x2  
  179  15:35  Drone  
  179  15:36  Drone x2  
  182  15:44  Drone  
  182  15:47  Ultralisk  
  182  15:48  Zergling x4  
  191  15:59  Nydus Canal  
Show
View Real Time Build Order
Export as new Build Order

Pleitejäger Protoss 

Build Orders: Chargelot Immortal 

Get SALT Encoding   

  12  0:01  Probe  
  13  0:13  Probe (Chrono Boost)  
  14  0:24  Pylon  
  14  0:25  Probe (Chrono Boost)  
  15  0:29  Assimilator  
  15  0:40  Probe  
  16  0:51  Gateway  
  16  0:52  Probe  
  17  1:04  Probe  
  18  1:13  Pylon  
  18  1:16  Probe  
  19  1:28  Probe  
  20  1:38  Zealot  
  22  1:42  Probe (Chrono Boost), Cybernetics Core  
  23  1:51  Gateway  
  23  1:52  Probe (Chrono Boost)  
  24  2:07  Assimilator  
  24  2:16  Nexus  
  24  2:17  Warp Gate (Chrono Boost)  
  24  2:26  Zealot  
  26  2:32  Probe  
  27  2:39  Stalker  
  29  2:53  Twilight Council  
  29  3:02  Gateway  
  29  3:04  Zealot  
  31  3:19  Pylon  
  31  3:28  Sentry  
  31  3:29  Probe (Chrono Boost), Pylon  
  34  3:36  Probe (Chrono Boost)  
  36  3:41  Probe (Chrono Boost)  
  36  3:46  Charge  
  36  3:47  Probe (Chrono Boost)  
  38  3:49  Probe (Chrono Boost)  
  38  3:57  Robotics Facility  
  38  4:04  Stalker  
  38  4:06  Zealot  
  42  4:17  Gateway  
  42  4:25  Zealot  
  42  4:27  Probe (Chrono Boost)  
  45  4:32  Zealot  
  45  4:38  Probe (Chrono Boost)  
  48  4:42  Stalker  
  48  4:44  Probe (Chrono Boost)  
  51  4:46  Zealot  
  51  4:51  Probe (Chrono Boost)  
  54  5:01  Immortal  
  54  5:02  Probe  
  59  5:07  Zealot  
  59  5:13  Pylon  
  61  5:15  Pylon  
  61  5:17  Probe  
  62  5:31  Probe x2  
  64  5:56  Zealot x3  
  70  6:10  Zealot  
  72  6:14  Immortal (Chrono Boost)  
  77  6:18  Probe (Chrono Boost)  
  77  6:25  Assimilator  
  78  6:27  Probe (Chrono Boost)  
  78  6:32  Pylon  
  78  6:41  Pylon  
  78  6:46  Pylon  
  78  6:50  Probe x2, Forge  
  78  6:53  Zealot x3  
  86  7:02  Probe (Chrono Boost)  
  86  7:03  Stalker  
  86  7:04  Probe (Chrono Boost)  
  90  7:13  Immortal  
  90  7:14  Probe (Chrono Boost)  
  95  7:20  Probe (Chrono Boost)  
  96  7:24  Stalker  
  96  7:25  Stalker x2  
  102  7:30  Pylon  
  102  7:32  Pylon  
  102  7:33  Pylon  
  102  7:45  Protoss Ground Weapons Level 1 (Chrono Boost), Stargate  
  102  7:48  Probe  
  103  8:21  Templar Archives  
  103  8:33  Gateway  
  103  8:35  Assimilator  
  103  8:40  Forge  
  103  8:41  Immortal  
  107  8:55  Fleet Beacon  
  95  9:29  High Templar  
  95  9:30  High Templar x2  
  101  9:33  High Templar  
  101  9:36  Archon  
  103  9:45  Immortal  
  107  10:11  Tempest  
  112  10:16  Nexus  
  112  10:25  Pylon  
  102  10:44  High Templar x4  
  110  10:54  Protoss Shields Level 1  
  110  10:59  Archon x2  
  110  11:00  Archon  
  110  11:02  Zealot  
  112  11:06  Tempest  
  112  11:10  Pylon  
  117  11:11  Pylon  
  117  11:29  Forge  
  117  11:33  High Templar  
  117  11:34  High Templar x2  
  117  11:35  Nexus  
  117  11:38  Pylon  
  123  11:46  Pylon  
  122  11:56  Archon  
  122  12:06  High Templar x2  
  126  12:33  Carrier  
  130  12:44  Probe (Chrono Boost)  
  132  12:52  High Templar  
  132  12:53  Probe (Chrono Boost)  
  132  12:54  Probe (Chrono Boost), Archon  
  135  13:02  Probe (Chrono Boost), Assimilator  
  135  13:04  Probe (Chrono Boost)  
  138  13:06  Probe (Chrono Boost)  
  138  13:11  Probe (Chrono Boost)  
  140  13:13  High Templar x2  
  140  13:14  Probe (Chrono Boost)  
  140  13:16  Probe (Chrono Boost)  
  140  13:17  Archon  
  82  13:50  Zealot x4  
  65  14:01  Tempest (Chrono Boost)  
  64  14:16  Gateway  
  62  14:17  Gateway  
  62  14:18  Pylon  
  62  14:36  Zealot x4  
  70  14:46  Stalker  
  70  14:51  Immortal  
  76  14:59  High Templar x2  
  80  15:00  High Templar  
  80  15:04  Archon  
  74  15:17  High Templar  
  70  15:34  Zealot x4  
  78  15:42  Zealot x2  
  78  16:04  High Templar  
  78  16:05  High Templar x2  
  78  16:10  Archon  
  71  16:26  Zealot x2  
  71  16:27  Zealot  
  64  16:35  Zealot  
Show
View Real Time Build Order
Export as new Build Order

Skeletor Terran 

Build Orders:  

Get SALT Encoding   

  12  0:00  SCV  
  13  0:17  SCV  
  14  0:23  Supply Depot  
  14  0:30  Refinery  
  14  0:31  SCV  
  15  0:46  Barracks  
  15  0:47  SCV  
  16  1:02  SCV  
  17  1:15  SCV  
  18  1:19  Refinery  
  17  1:48  Barracks Tech Lab  
  17  1:52  Orbital Command  
  17  1:53  Supply Depot  
  17  2:05  Factory  
  17  2:21  Reaper  
  18  2:25  SCV  
  19  2:37  SCV  
  20  2:45  Supply Depot  
  20  2:49  SCV  
  20  2:57  Starport  
  20  3:01  SCV  
  20  3:18  SCV  
  21  3:26  Command Center  
  21  3:30  SCV  
  22  3:42  Starport Tech Lab, SCV  
  23  3:50  Fusion Core  
  23  3:54  SCV  
  23  4:06  SCV  
  24  4:19  SCV  
  25  4:26  Starport  
  25  4:30  Supply Depot  
  25  4:31  SCV  
  26  4:39  SCV  
  26  4:43  SCV  
  28  4:48  Refinery  
  28  5:06  Orbital Command  
  28  5:11  Command Center  
  28  5:14  Refinery  
  28  5:28  Battlecruiser  
  28  5:44  SCV  
  29  5:56  SCV  
  29  6:06  SCV  
  30  6:14  SCV  
  31  6:18  SCV  
  31  6:22  Starport Tech Lab  
  32  6:26  SCV  
  32  6:30  SCV  
  34  6:34  Battlecruiser  
  34  6:38  SCV  
  41  6:50  SCV  
  41  6:53  SCV  
  43  7:02  SCV  
  43  7:05  SCV  
  45  7:13  Supply Depot  
  45  7:17  SCV, Command Center  
  46  7:26  Battlecruiser  
  46  7:29  SCV  
  53  7:35  Armory  
  53  7:41  SCV  
  53  7:42  Armory  
  54  7:44  Supply Depot  
  54  7:49  SCV  
  55  7:53  SCV  
  56  8:02  SCV  
  57  8:05  SCV  
  58  8:17  Supply Depot, Battlecruiser  
  64  8:20  SCV  
  64  8:22  SCV  
  66  8:29  Orbital Command  
  66  8:32  SCV  
  67  8:34  Refinery, SCV  
  67  8:40  Supply Depot  
  68  8:44  SCV  
  68  8:46  SCV  
  70  9:17  Battlecruiser  
  70  9:20  SCV  
  77  9:25  Refinery  
  77  9:32  SCV, Terran Ship Weapons Level 1  
  77  9:33  Terran Vehicle And Ship Armor Level 1  
  77  9:37  Supply Depot  
  78  9:44  SCV  
  79  9:47  Starport  
  79  9:59  SCV  
  80  10:00  Supply Depot  
  80  10:11  SCV, Battlecruiser  
  87  10:17  Command Center  
  87  10:25  Starport  
  87  10:34  Battlecruiser  
  93  10:37  Starport Tech Lab  
  93  11:07  Starport Tech Lab  
  93  11:15  Battlecruiser  
  99  11:26  Battlecruiser  
  99  11:27  Battlecruiser  
  99  11:32  Refinery  
  111  11:34  Starport  
  111  11:37  Supply Depot  
  111  11:57  Refinery  
  111  12:00  Supply Depot  
  111  12:01  Battlecruiser  
  116  12:25  Orbital Command  
  116  12:32  Battlecruiser  
  116  12:33  Battlecruiser x2  
  116  12:36  Starport Tech Lab  
  134  12:42  Starport  
  134  12:54  Terran Vehicle And Ship Armor Level 2, Terran Ship Weapons Level 2  
  134  12:58  Battlecruiser  
  140  13:06  SCV, Battlecruiser  
  147  13:20  Starport  
  147  13:36  Battlecruiser  
  147  13:37  Battlecruiser  
  141  14:01  Weapon Refit  
  141  14:06  SCV  
  142  14:10  Refinery  
  142  14:16  Battlecruiser  
  148  14:22  Battlecruiser  
  154  14:36  Refinery  
  142  14:50  Battlecruiser  
  142  14:51  Battlecruiser  
  100  15:19  Battlecruiser  
  106  15:21  Starport Tech Lab  
  106  15:22  Starport Tech Lab  
  124  16:22  Command Center  
Tags
 
Add a new tag
Caveats
  • Supply blocks, unpowered buildings, or Contaminate may cause inaccurate times.
  • Supply counts are checked every 10 seconds.